AoeStats
← miniducks

Arabian Desert

509199434Analyzed
1v1 RM · 5d ago on Sep 25, 2026· 27m 23s· 2 players
Game mode
Random Map
Map size
Tiny (2 player)
Population
200
Speed
Normal
Resources
Standard
Victory
Conquest
Starting age
Dark Age
Ending age
Imperial Age
RankedLock teamsTeams togetherTeam positionsShared explorationLock speedFull tech treeHidden civsTurbo modeCheats
Victory
Defeat
🇺🇸 Franks · United States
822
+36
🇹🇷 Huns · Türkiye
804
-15
abesveistigal
12:02 Feudal Age
19:12 Loom
19:57 Double-Bit Axe
23:57 Loom
26:59 Castle Age
27:02 Pikeman
miniducks
5:13 Loom
10:30 Feudal Age
15:17 Double-Bit Axe
18:50 Wheelbarrow
22:57 Castle Age
21:58 Fletching
22:16 Padded Archer Armor
22:29 Scale Barding Armor
24:12 Bodkin Arrow
25:32 Leather Archer Armor
25:59 Elite Skirmisher
Connection lost

Rejoining the realm…

Still unreachable

The connection could not be restored.

Session expired

The server has moved on; the page needs a fresh start.